Penguins vs Canadiens

Created - 28 novembre 2012 at 23:23

Goals
1 2 3 OT1 SO T
Penguins 0 1 1 0 0 2
Canadiens 0 1 1 0 2 3
Shots
1 2 3 OT1 SO T
Penguins 8 13 9 2 2 32
Canadiens 7 19 15 1 2 42

1st period

No Goal

Penalties :
Zigmund Palffy (Pit) for Boarding (Minor) at 7:04, Sheldon Souray (Mon) for Roughing (Minor) at 15:56

2nd period

1. Canadiens , Tomas Holmstrom 2 (Viktor Kozlov, Tyler Sloan) at 8:23
2. Penguins , Taylor Pyatt 2 (Oleg Kvasha) at 13:33

Penalties :
Tomas Kloucek (Mon) for High sticking (Minor) at 10:32

3rd period

3. Penguins , Tuomo Ruutu 1 (Darren Reid, Jussi Jokinen) at 3:51
4. Canadiens , Michel Ouellet 1 (Alexei Yashin, Ryane Clowe) at 11:38

Penalties :
Ted Purcell (Pit) for Holding (Minor) at 8:39, Steve Staios (Pit) for Hooking (Minor) at 13:00, Ryan Bayda (Mon) for Slashing (Minor) at 15:38, Darren Reid (Pit) for Hooking (Minor) at 15:38, Viktor Kozlov (Mon) for Roughing (Minor) at 18:04

Overtime #1

No Goal

Penalties :
No Penalty

Shootout

Penalty Shot by Ryan Kesler for Penguins - Shot Misses the Net
Penalty Shot by Robert Nilsson for Canadiens - Goal!
Penalty Shot by Zigmund Palffy for Penguins - Stopped by Mikael Tellqvist
Penalty Shot by Donald Brashear for Canadiens - Goal!

Penalties :
No Penalty

Goalie Stats

Brian Elliott (Pit), 40 saves from 42 shots - (0,952), OTL, 1-2-1, 65:00 minutes
Mikael Tellqvist (Mon), 30 saves from 32 shots - (0,938), W, 2-0-0, 65:00 minutes

Players Stats for Penguins

Player Name              G  A  P  +/- PIM S  H  SB GA TA FO     MP     PP MP  PK MP  
------------------------------------------------------------------------------------
Andy Sutton              0  0  0  -2  0   0  0  2  1  1  0/0    16:19   0:00   2:46 
Carlo Colaiacovo         0  0  0  -2  0   0  0  3  0  0  0/0    14:03   0:00   0:30 
Dan Hamhuis              0  0  0   2  0   1  1  1  1  0  0/0    21:42   2:24   2:38 
Darcy Tucker             0  0  0   0  0   0  1  1  0  0  0/0     7:11   0:00   0:00 
Darren Reid              0  1  1   1  2   0  2  2  0  0  0/0    19:32   2:31   1:26 
Fredrik Sjostrom         0  0  0   0  0   4  3  0  0  0  0/0    20:05   3:22   1:08 
Jussi Jokinen            0  1  1   1  0   5  0  3  0  1  0/1    16:47   2:31   0:08 
Marc-Édouard Vlasic      0  0  0   0  0   0  0  0  0  0  0/0    27:38   3:29   1:12 
Oleg Kvasha              0  1  1  -1  0   0  2  1  0  0  4/6    14:12   0:00   1:43 
Ruslan Fedotenko         0  0  0   0  0   0  0  0  0  1  1/2    10:24   0:00   1:54 
Ryan Kesler              0  0  0   0  0   5  1  0  0  0  14/29  20:29   3:22   0:00 
Steve Staios             0  0  0   0  2   2  2  3  0  0  0/0    28:36   3:29   2:10 
T.J. Hensick             0  0  0   0  0   1  0  0  1  1  2/5    10:43   0:00   3:25 
Taylor Pyatt             1  0  1  -1  0   3  0  0  1  1  0/1    10:37   0:00   0:00 
Ted Purcell              0  0  0  -1  2   4  0  0  0  0  0/0    10:41   0:00   0:00 
Tom Preissing            0  0  0   2  0   0  3  1  1  0  0/0    21:42   2:24   2:38 
Tuomo Ruutu              1  0  1   1  0   5  0  0  0  0  7/19   18:20   2:31   0:00 
Zigmund Palffy           0  0  0   0  2   2  2  1  0  0  3/4    22:59   3:22   2:10 

Players Stats for Canadiens

Player Name              G  A  P  +/- PIM S  H  SB GA TA FO     MP     PP MP  PK MP  
------------------------------------------------------------------------------------
Alexei Yashin            0  1  1   0  0   0  2  1  0  0  2/5    13:49   0:00   1:49 
Donald Brashear          0  0  0   0  0   3  1  1  0  1  0/2    24:59   2:38   3:13 
Duncan Keith             0  0  0   0  0   0  5  2  2  0  0/0    31:29   3:08   3:50 
Eric Cairns              0  0  0   0  0   2  1  3  0  1  0/0    31:29   3:08   3:50 
Marek Svatos             0  0  0   0  0   7  0  0  0  0  1/2    18:01   2:40   0:00 
Michel Ouellet           1  0  1   0  0   2  0  0  1  0  0/0    10:34   0:23   0:00 
Patrick Eaves            0  0  0   0  0   6  1  0  1  1  0/0    16:06   2:51   0:00 
Richard Zednik           0  0  0   0  0   2  1  0  0  0  0/0     6:15   0:00   0:00 
Robert Nilsson           0  0  0   0  0   4  1  1  0  0  18/32  25:35   2:40   3:22 
Ryan Bayda               0  0  0   0  2   1  1  0  0  0  0/0     8:33   0:00   1:30 
Ryane Clowe              0  1  1   0  0   2  1  1  0  0  0/0    13:12   0:26   0:46 
Shane O'Brien            0  0  0  -1  0   0  0  0  0  0  0/0    12:26   0:00   0:00 
Sheldon Souray           0  0  0  -1  2   2  0  0  0  0  0/0    13:05   0:00   0:40 
Tomas Holmstrom          1  0  1   0  0   2  1  0  0  0  2/2    16:06   2:51   0:00 
Tomas Kloucek            0  0  0   1  2   1  2  1  0  2  0/0    21:24   2:49   1:27 
Tyler Arnason            0  0  0   0  0   1  2  0  1  0  1/2     8:33   0:31   0:11 
Tyler Sloan              0  1  1   1  0   5  1  1  0  0  0/0    21:05   2:49   2:07 
Viktor Kozlov            0  1  1   0  2   2  3  0  0  0  12/22  19:19   2:51   0:59 

3 Stars

1 - Brian Elliott (Pit)
2 - Tuomo Ruutu (Pit)
3 - Tomas Holmstrom (Mon)

Power Play

Penguins - 0 on 3 Attempt(s) - 0,00%
Canadiens - 0 on 3 Attempt(s) - 0,00%

Penalty Kill

Penguins - 3 on 3 Attempt(s) - 100,00% - Score 0 goal in Penalty Kill
Canadiens - 3 on 3 Attempt(s) - 100,00% - Score 0 goal in Penalty Kill

Official

Referees : Kimmerly Greg and McCauley Wes
Linesman : Tony Sericolo and Shane Heyer

Game Notes

No Game Note

Finance

Level 1 -- Attendance: 5167 (86,12%) -- Ticket Income 465 030 $
Level 2 -- Attendance: 5000 (100,00%) -- Ticket Income 275 000 $
Level 3 -- Attendance: 2000 (100,00%) -- Ticket Income 60 000 $
Level 4 -- Attendance: 4000 (100,00%) -- Ticket Income 68 000 $
Luxury Box -- Attendance: 1000 (100,00%) -- Ticket Income 180 000 $
Game was played at the Centre Bell
Total Attendance: 17167 (95,37%)
Total Ticket Income: 1 048 030 $
Total Income: 1 048 030 $

Penguins

5 vs 5 Forward 
   Center                   Left Wing                Right Wing               Time % Phy DF OF 
 1 Ryan Kesler              Fredrik Sjostrom         Zigmund Palffy           40     0   1  4  
 2 Tuomo Ruutu              Jussi Jokinen            Darren Reid              30     0   1  4  
 3 Oleg Kvasha              Taylor Pyatt             Ted Purcell              20     1   1  3  
 4 T.J. Hensick             Ruslan Fedotenko         Darcy Tucker             10     1   1  3  

5 vs 5 Defense 
   Defense                  Defense                                           Time % Phy DF OF 
 1 Steve Staios             Marc-Édouard Vlasic                               40     1   2  2  
 2 Dan Hamhuis              Tom Preissing                                     30     1   2  2  
 3 Carlo Colaiacovo         Andy Sutton                                       20     1   2  2  
 4 Steve Staios             Marc-Édouard Vlasic                               10     1   2  2  

PowerPlay Forward 
   Center                   Left Wing                Right Wing               Time % Phy DF OF 
 1 Ryan Kesler              Fredrik Sjostrom         Zigmund Palffy           60     1   2  2  
 2 Tuomo Ruutu              Jussi Jokinen            Darren Reid              40     1   2  2  

PowerPlay Defense
   Defense                  Defense                                           Time % Phy DF OF 
 1 Steve Staios             Marc-Édouard Vlasic                               60     1   2  2  
 2 Dan Hamhuis              Tom Preissing                                     40     1   2  2  

Penalty Kill 4 Players Forward 
   Center                   Wing                     Time % Phy DF OF 
 1 T.J. Hensick             Zigmund Palffy           60     1   2  2  
 2 Oleg Kvasha              Darren Reid              40     1   2  2  

Penalty Kill 4 Players Defense
   Defense                  Defense                  Time % Phy DF OF 
 1 Steve Staios             Andy Sutton              60     1   2  2  
 2 Dan Hamhuis              Tom Preissing            40     1   2  2  

Penalty Kill - 3 Players Forward 
   Forward                                           Time % Phy DF OF 
 1 Oleg Kvasha                                       60     1   2  2  
 2 Zigmund Palffy                                    40     1   2  2  

Penalty Kill - 3 Players Defense
   Defense                  Defense                  Time % Phy DF OF 
 1 Steve Staios             Andy Sutton              60     1   2  2  
 2 Dan Hamhuis              Tom Preissing            40     1   2  2  

4 vs 4 Forward 
   Center                   Wing                     Time % Phy DF OF 
 1 Ryan Kesler              Zigmund Palffy           60     1   2  2  
 2 Oleg Kvasha              Darren Reid              40     1   2  2  

4 vs 4 Defense
   Defense                  Defense                  Time % Phy DF OF 
 1 Steve Staios             Marc-Édouard Vlasic      60     1   2  2  
 2 Dan Hamhuis              Tom Preissing            40     1   2  2  

Last Minutes Offensive
   Center                   Left Wing                Right Wing               Defense                  Defense                  
   Ryan Kesler              Taylor Pyatt             Zigmund Palffy           Steve Staios             Marc-Édouard Vlasic      

Last Minutes Defensive
   Center                   Left Wing                Right Wing               Defense                  Defense                  
   Ryan Kesler              Taylor Pyatt             Zigmund Palffy           Steve Staios             Andy Sutton              

Goaltenders
Starting : Brian Elliott            
Backup : Sebastien Caron          

Extra Forwards
Normal : Tuomo Ruutu, Fredrik Sjostrom, Ruslan Fedotenko - PP : Tuomo Ruutu, Fredrik Sjostrom - PK : Ruslan Fedotenko
Extra Defensemen
Normal : Carlo Colaiacovo, Marc-Édouard Vlasic, Dan Hamhuis - PP : Carlo Colaiacovo - PK : Marc-Édouard Vlasic, Dan Hamhuis
Penalty Shots
Ryan Kesler, Zigmund Palffy, Oleg Kvasha, Darren Reid, Taylor Pyatt

Canadiens

5 vs 5 Forward 
   Center                   Left Wing                Right Wing               Time % Phy DF OF 
 1 Robert Nilsson           Donald Brashear          Marek Svatos             40     1   2  2  
 2 Viktor Kozlov            Tomas Holmstrom          Patrick Eaves            30     1   2  2  
 3 Alexei Yashin            Ryane Clowe              Michel Ouellet           20     1   2  2  
 4 Tyler Arnason            Ryan Bayda               Richard Zednik           10     1   2  2  

5 vs 5 Defense 
   Defense                  Defense                                           Time % Phy DF OF 
 1 Duncan Keith             Eric Cairns                                       40     1   2  2  
 2 Tyler Sloan              Tomas Kloucek                                     30     1   2  2  
 3 Shane O'Brien            Sheldon Souray                                    20     1   2  2  
 4 Duncan Keith             Eric Cairns                                       10     1   2  2  

PowerPlay Forward 
   Center                   Left Wing                Right Wing               Time % Phy DF OF 
 1 Robert Nilsson           Donald Brashear          Marek Svatos             60     1   2  2  
 2 Viktor Kozlov            Tomas Holmstrom          Patrick Eaves            40     1   2  2  

PowerPlay Defense
   Defense                  Defense                                           Time % Phy DF OF 
 1 Duncan Keith             Eric Cairns                                       60     1   2  2  
 2 Tyler Sloan              Tomas Kloucek                                     40     1   2  2  

Penalty Kill 4 Players Forward 
   Center                   Wing                     Time % Phy DF OF 
 1 Robert Nilsson           Donald Brashear          60     1   2  2  
 2 Viktor Kozlov            Alexei Yashin            40     1   2  2  

Penalty Kill 4 Players Defense
   Defense                  Defense                  Time % Phy DF OF 
 1 Duncan Keith             Eric Cairns              60     1   2  2  
 2 Tyler Sloan              Tomas Kloucek            40     1   2  2  

Penalty Kill - 3 Players Forward 
   Forward                                           Time % Phy DF OF 
 1 Robert Nilsson                                    60     1   2  2  
 2 Donald Brashear                                   40     1   2  2  

Penalty Kill - 3 Players Defense
   Defense                  Defense                  Time % Phy DF OF 
 1 Duncan Keith             Eric Cairns              60     1   2  2  
 2 Tyler Sloan              Tomas Kloucek            40     1   2  2  

4 vs 4 Forward 
   Center                   Wing                     Time % Phy DF OF 
 1 Robert Nilsson           Donald Brashear          60     1   2  2  
 2 Viktor Kozlov            Alexei Yashin            40     1   2  2  

4 vs 4 Defense
   Defense                  Defense                  Time % Phy DF OF 
 1 Duncan Keith             Eric Cairns              60     1   2  2  
 2 Tyler Sloan              Tomas Kloucek            40     1   2  2  

Last Minutes Offensive
   Center                   Left Wing                Right Wing               Defense                  Defense                  
   Robert Nilsson           Donald Brashear          Marek Svatos             Duncan Keith             Eric Cairns              

Last Minutes Defensive
   Center                   Left Wing                Right Wing               Defense                  Defense                  
   Robert Nilsson           Donald Brashear          Marek Svatos             Duncan Keith             Eric Cairns              

Goaltenders
Starting : Mikael Tellqvist         
Backup : Kari Lehtonen            

Extra Forwards
Normal : Tyler Arnason, Ryane Clowe, Ryan Bayda - PP : Tyler Arnason, Ryane Clowe - PK : Ryan Bayda
Extra Defensemen
Normal : Shane O'Brien, Sheldon Souray, Tyler Sloan - PP : Shane O'Brien - PK : Sheldon Souray, Tyler Sloan
Penalty Shots
Robert Nilsson, Donald Brashear, Viktor Kozlov, Alexei Yashin, Tomas Holmstrom

% Time on Ice - Penguins

Lines # - Real PCT - Wanted PCT - Time Play
Normal Forward
1 - 31% - 40% - 14:06
2 - 31% - 30% - 14:17
3 - 23% - 20% - 10:37
4 - 16% - 10% - 7:11
Normal Defense
1 - 38% - 40% - 17:31
2 - 31% - 30% - 14:12
3 - 28% - 20% - 12:51
4 - 4% - 10% - 1:37
PP Forward
1 - 57% - 60% - 3:22
2 - 43% - 40% - 2:31
PP Defense
1 - 59% - 60% - 3:29
2 - 41% - 40% - 2:24
PK Forward
1 - 76% - 60% - 4:31
2 - 24% - 40% - 1:26
PK Defense
1 - 56% - 60% - 3:19
2 - 44% - 40% - 2:38
PK3 Forward
1 - 0% - 60%
2 - 0% - 40%
PK3 Defense
1 - 0% - 60%
2 - 0% - 40%
44 Forward
1 - 75% - 60% - 5:16
2 - 25% - 40% - 1:43
44 Defense
1 - 59% - 60% - 4:07
2 - 41% - 40% - 2:52
Last Minute Offensive  - 0:00
Last Minute Defensive  - 0:00
Total
Forward - 65:00
Defense - 65:00

% Time on Ice - Canadiens

Lines # - Real PCT - Wanted PCT - Time Play
Normal Forward
1 - 36% - 40% - 16:30
2 - 29% - 30% - 13:15
3 - 22% - 20% - 10:11
4 - 14% - 10% - 6:15
Normal Defense
1 - 40% - 40% - 18:40
2 - 30% - 30% - 13:43
3 - 25% - 20% - 11:37
4 - 5% - 10% - 2:11
PP Forward
1 - 52% - 60% - 3:06
2 - 48% - 40% - 2:51
PP Defense
1 - 53% - 60% - 3:08
2 - 47% - 40% - 2:49
PK Forward
1 - 75% - 60% - 4:26
2 - 25% - 40% - 1:27
PK Defense
1 - 64% - 60% - 3:46
2 - 36% - 40% - 2:07
PK3 Forward
1 - 100% - 60% - 0:04
2 - 0% - 40% - 0:00
PK3 Defense
1 - 100% - 60% - 0:04
2 - 0% - 40% - 0:00
44 Forward
1 - 75% - 60% - 5:13
2 - 25% - 40% - 1:42
44 Defense
1 - 65% - 60% - 4:29
2 - 35% - 40% - 2:26
Last Minute Offensive  - 0:00
Last Minute Defensive  - 0:00
Total
Forward - 65:00
Defense - 65:00

Play by Play

1st period


0:01 of 1st period - Ryan Kesler wins face-off versus Robert Nilsson in neutral zone.
0:47 of 1st period - Wrist shot by Ryane Clowe.
0:47 of 1st period - Shot Misses the Net.
1:52 of 1st period - Backhand shot by Jussi Jokinen.
1:52 of 1st period - Stopped by Mikael Tellqvist with a rebound.
2:56 of 1st period - Wrist shot by Ryan Kesler.
2:56 of 1st period - Deflect By Fredrik Sjostrom.
2:56 of 1st period - Stopped by Mikael Tellqvist without a rebound.
2:57 of 1st period - Tuomo Ruutu wins face-off versus Viktor Kozlov in Canadiens zone.
3:00 of 1st period - Snap shot by Tuomo Ruutu.
3:00 of 1st period - Stopped by Mikael Tellqvist without a rebound.
3:01 of 1st period - Tuomo Ruutu wins face-off versus Viktor Kozlov in Canadiens zone.
3:04 of 1st period - Wrist shot by Tuomo Ruutu.
3:04 of 1st period - Stopped by Mikael Tellqvist with a rebound.
3:30 of 1st period - Snap shot by Ryan Kesler.
3:30 of 1st period - Stopped by Mikael Tellqvist with a rebound.
4:29 of 1st period - Off-side.
4:30 of 1st period - Viktor Kozlov wins face-off versus Jussi Jokinen in neutral zone.
4:34 of 1st period - Off-side.
4:35 of 1st period - Robert Nilsson wins face-off versus Ryan Kesler in neutral zone.
5:02 of 1st period - Wrist shot by Patrick Eaves.
5:02 of 1st period - Stopped by Brian Elliott with a rebound.
5:24 of 1st period - Ryane Clowe is hit by Oleg Kvasha and loses puck.
6:03 of 1st period - Marek Svatos is hit by Fredrik Sjostrom and loses puck.
6:24 of 1st period - Shane O'Brien is hit by Darren Reid and loses puck.
7:03 of 1st period - Off-side.
7:04 of 1st period - Viktor Kozlov wins face-off versus Ryan Kesler in neutral zone.
7:04 of 1st period - Minor Penalty to Zigmund Palffy for Boarding.
7:05 of 1st period - Tomas Holmstrom wins face-off versus T.J. Hensick in Penguins zone.
7:52 of 1st period - Marek Svatos is hit by Oleg Kvasha and loses puck.
8:23 of 1st period - Slapshot by Ryane Clowe.
8:23 of 1st period - Shot Blocked by Jussi Jokinen.
8:46 of 1st period - Off-side.
8:47 of 1st period - Oleg Kvasha wins face-off versus Robert Nilsson in neutral zone.
9:04 of 1st period - Penalty to Zigmund Palffy is over, Zigmund Palffy is back on ice.
9:04 of 1st period - T.J. Hensick is hit by Tomas Holmstrom and loses puck.
9:37 of 1st period - Slapshot by Ryan Bayda.
9:37 of 1st period - Stopped by Brian Elliott with a rebound.
9:43 of 1st period - Slapshot by Richard Zednik.
9:43 of 1st period - Stopped by Brian Elliott with a rebound.
9:45 of 1st period - Slapshot by Shane O'Brien.
9:45 of 1st period - Shot Blocked by Tom Preissing.
9:47 of 1st period - Slapshot by Tyler Arnason.
9:47 of 1st period - Shot Misses the Net.
10:22 of 1st period - Snap shot by Tuomo Ruutu.
10:22 of 1st period - Stopped by Mikael Tellqvist with a rebound.
11:54 of 1st period - Off-side.
11:55 of 1st period - Tyler Arnason wins face-off versus Ruslan Fedotenko in neutral zone.
12:00 of 1st period - Wrist shot by Tyler Arnason.
12:00 of 1st period - Stopped by Brian Elliott with a rebound.
12:02 of 1st period - Wrist shot by Ryan Bayda.
12:02 of 1st period - Shot Misses the Net.
12:06 of 1st period - Snap shot by Tyler Arnason.
12:06 of 1st period - Shot Misses the Net.
12:10 of 1st period - Wrist shot by Tyler Arnason.
12:10 of 1st period - Shot Blocked by Steve Staios.
12:39 of 1st period - Patrick Eaves is hit by Dan Hamhuis and loses puck.
13:08 of 1st period - Snap shot by Oleg Kvasha.
13:08 of 1st period - Shot Blocked by Tyler Sloan.
13:10 of 1st period - Wrist shot by Ted Purcell.
13:10 of 1st period - Stopped by Mikael Tellqvist without a rebound.
13:11 of 1st period - Ryan Kesler wins face-off versus Robert Nilsson in Canadiens zone.
13:26 of 1st period - Zigmund Palffy is hit by Donald Brashear and loses puck.
13:43 of 1st period - Wrist shot by Patrick Eaves.
13:43 of 1st period - Deflect By Tomas Holmstrom.
13:43 of 1st period - Shot Blocked by Dan Hamhuis.
13:43 of 1st period - Puck is out of play.
13:44 of 1st period - Tuomo Ruutu wins face-off versus Viktor Kozlov in Penguins zone.
13:44 of 1st period - Tuomo Ruutu is hit by Viktor Kozlov.
13:50 of 1st period - Slapshot by Jussi Jokinen.
13:50 of 1st period - Shot Hit the Post.
14:21 of 1st period - Snap shot by Ted Purcell.
14:21 of 1st period - Stopped by Mikael Tellqvist with a rebound.
14:23 of 1st period - Snap shot by Oleg Kvasha.
14:23 of 1st period - Shot Blocked by Tomas Kloucek.
14:45 of 1st period - Wrist shot by Robert Nilsson.
14:45 of 1st period - Stopped by Brian Elliott with a rebound.
14:59 of 1st period - Wrist shot by Jussi Jokinen.
14:59 of 1st period - Shot Misses the Net.
15:45 of 1st period - Slapshot by Taylor Pyatt.
15:45 of 1st period - Shot Blocked by Robert Nilsson.
15:56 of 1st period - Minor Penalty to Sheldon Souray for Roughing.
15:57 of 1st period - Robert Nilsson wins face-off versus Ryan Kesler in Canadiens zone.
16:09 of 1st period - Off-side.
16:10 of 1st period - Zigmund Palffy wins face-off versus Robert Nilsson in neutral zone.
17:39 of 1st period - Snap shot by Ryane Clowe.
17:39 of 1st period - Shot Blocked by Steve Staios.
17:56 of 1st period - Penalty to Sheldon Souray is over, Sheldon Souray is back on ice.
18:09 of 1st period - Snap shot by Tomas Holmstrom.
18:09 of 1st period - Deflect By Viktor Kozlov.
18:09 of 1st period - Shot Misses the Net.
18:09 of 1st period - Puck is out of play.
18:10 of 1st period - Oleg Kvasha wins face-off versus Alexei Yashin in Penguins zone.
19:00 of 1st period - Wrist shot by Ryan Kesler.
19:00 of 1st period - Shot Misses the Net.
19:18 of 1st period - Jussi Jokinen is hit by Tyler Arnason and loses puck.
19:25 of 1st period - Wrist shot by Ryan Bayda.
19:25 of 1st period - Shot Blocked by Darren Reid.
19:27 of 1st period - Backhand shot by Duncan Keith.
19:27 of 1st period - Shot Blocked by Darren Reid.
19:34 of 1st period - Icing by Dan Hamhuis.
19:35 of 1st period - Alexei Yashin wins face-off versus Tuomo Ruutu in Penguins zone.
19:38 of 1st period - Slapshot by Michel Ouellet.
19:38 of 1st period - Stopped by Brian Elliott with a rebound.
19:46 of 1st period - Slapshot by Marek Svatos.
19:46 of 1st period - Stopped by Brian Elliott without a rebound.
19:47 of 1st period - Robert Nilsson wins face-off versus Ryan Kesler in Penguins zone.
19:54 of 1st period - Snap shot by Donald Brashear.
19:54 of 1st period - Shot Misses the Net.

2nd period


0:01 of 2nd period - Robert Nilsson wins face-off versus Ryan Kesler in neutral zone.
0:04 of 2nd period - Fredrik Sjostrom is hit by Duncan Keith and loses puck.
0:19 of 2nd period - Robert Nilsson is hit by Fredrik Sjostrom and loses puck.
0:32 of 2nd period - Wrist shot by Patrick Eaves.
0:32 of 2nd period - Stopped by Brian Elliott without a rebound.
0:33 of 2nd period - Viktor Kozlov wins face-off versus Tuomo Ruutu in Penguins zone.
0:34 of 2nd period - Snap shot by Patrick Eaves.
0:34 of 2nd period - Stopped by Brian Elliott without a rebound.
0:35 of 2nd period - Tuomo Ruutu wins face-off versus Viktor Kozlov in Penguins zone.
0:44 of 2nd period - Slapshot by Viktor Kozlov.
0:44 of 2nd period - Deflect By Tomas Holmstrom.
0:44 of 2nd period - Shot Blocked by Jussi Jokinen.
0:44 of 2nd period - Puck is out of play.
0:45 of 2nd period - Ryan Kesler wins face-off versus Robert Nilsson in Penguins zone.
0:54 of 2nd period - Donald Brashear is hit by Fredrik Sjostrom and loses puck.
2:17 of 2nd period - Snap shot by Robert Nilsson.
2:17 of 2nd period - Deflect By Marek Svatos.
2:17 of 2nd period - Stopped by Brian Elliott with a rebound.
2:19 of 2nd period - Slapshot by Tyler Sloan.
2:19 of 2nd period - Stopped by Brian Elliott with a rebound.
2:21 of 2nd period - Slapshot by Marek Svatos.
2:21 of 2nd period - Stopped by Brian Elliott with a rebound.
2:23 of 2nd period - Slapshot by Tomas Kloucek.
2:23 of 2nd period - Stopped by Brian Elliott without a rebound.
2:24 of 2nd period - Ryan Kesler wins face-off versus Viktor Kozlov in Penguins zone.
3:08 of 2nd period - Snap shot by Richard Zednik.
3:08 of 2nd period - Stopped by Brian Elliott with a rebound.
3:10 of 2nd period - Slapshot by Shane O'Brien.
3:10 of 2nd period - Shot Blocked by Oleg Kvasha.
3:31 of 2nd period - Oleg Kvasha is hit by Patrick Eaves and loses puck.
3:40 of 2nd period - Wrist shot by Ted Purcell.
3:40 of 2nd period - Shot Misses the Net.
3:50 of 2nd period - Wrist shot by Taylor Pyatt.
3:50 of 2nd period - Stopped by Mikael Tellqvist without a rebound.
3:51 of 2nd period - Robert Nilsson wins face-off versus Zigmund Palffy in Canadiens zone.
4:18 of 2nd period - Jussi Jokinen is hit by Eric Cairns and loses puck.
4:34 of 2nd period - Icing by Andy Sutton.
4:35 of 2nd period - Viktor Kozlov wins face-off versus Tuomo Ruutu in Penguins zone.
4:46 of 2nd period - Backhand shot by Robert Nilsson.
4:46 of 2nd period - Deflect By Tuomo Ruutu.
4:46 of 2nd period - Stopped by Brian Elliott with a rebound.
4:48 of 2nd period - Snap shot by Donald Brashear.
4:48 of 2nd period - Shot Blocked by Jussi Jokinen.
4:50 of 2nd period - Snap shot by Donald Brashear.
4:50 of 2nd period - Shot Blocked by Carlo Colaiacovo.
5:10 of 2nd period - Wrist shot by Ryan Kesler.
5:10 of 2nd period - Stopped by Mikael Tellqvist with a rebound.
5:47 of 2nd period - Snap shot by Tyler Arnason.
5:47 of 2nd period - Shot Blocked by Steve Staios.
6:25 of 2nd period - Slapshot by Patrick Eaves.
6:25 of 2nd period - Stopped by Brian Elliott without a rebound.
6:26 of 2nd period - Viktor Kozlov wins face-off versus Tuomo Ruutu in Penguins zone.
6:31 of 2nd period - Wrist shot by Tomas Holmstrom.
6:31 of 2nd period - Stopped by Brian Elliott with a rebound.
6:37 of 2nd period - Snap shot by Jussi Jokinen.
6:37 of 2nd period - Shot Misses the Net.
6:39 of 2nd period - Slapshot by Steve Staios.
6:39 of 2nd period - Deflect By Viktor Kozlov.
6:39 of 2nd period - Stopped by Mikael Tellqvist without a rebound.
6:40 of 2nd period - Robert Nilsson wins face-off versus Ryan Kesler in Canadiens zone.
6:45 of 2nd period - Snap shot by Marek Svatos.
6:45 of 2nd period - Deflect By Robert Nilsson.
6:45 of 2nd period - Stopped by Brian Elliott without a rebound.
6:46 of 2nd period - Robert Nilsson wins face-off versus Ryan Kesler in Penguins zone.
6:47 of 2nd period - Snap shot by Marek Svatos.
6:47 of 2nd period - Stopped by Brian Elliott with a rebound.
6:49 of 2nd period - Wrist shot by Marek Svatos.
6:49 of 2nd period - Stopped by Brian Elliott without a rebound.
6:50 of 2nd period - Ryan Kesler wins face-off versus Donald Brashear in Penguins zone.
7:02 of 2nd period - Snap shot by Donald Brashear.
7:02 of 2nd period - Deflect By Robert Nilsson.
7:02 of 2nd period - Shot Blocked by Zigmund Palffy.
7:02 of 2nd period - Puck is out of play.
7:03 of 2nd period - Ryan Kesler wins face-off versus Robert Nilsson in Penguins zone.
8:02 of 2nd period - Slapshot by T.J. Hensick.
8:02 of 2nd period - Shot Misses the Net.
8:12 of 2nd period - Viktor Kozlov is hit by Tom Preissing and loses puck.
8:23 of 2nd period - Slapshot by Tomas Holmstrom.
8:23 of 2nd period - Goal by Tomas Holmstrom - Penguins : 0 - Canadiens : 1.
8:24 of 2nd period - Ryan Kesler wins face-off versus Robert Nilsson in neutral zone.
8:37 of 2nd period - Snap shot by Ryan Kesler.
8:37 of 2nd period - Shot Blocked by Donald Brashear.
8:39 of 2nd period - Snap shot by Fredrik Sjostrom.
8:39 of 2nd period - Stopped by Mikael Tellqvist without a rebound.
8:40 of 2nd period - Tuomo Ruutu wins face-off versus Alexei Yashin in Canadiens zone.
8:43 of 2nd period - Snap shot by Jussi Jokinen.
8:43 of 2nd period - Shot Blocked by Eric Cairns.
8:45 of 2nd period - Snap shot by Tuomo Ruutu.
8:45 of 2nd period - Stopped by Mikael Tellqvist without a rebound.
8:46 of 2nd period - Tuomo Ruutu wins face-off versus Alexei Yashin in Canadiens zone.
9:19 of 2nd period - Wrist shot by Ted Purcell.
9:19 of 2nd period - Stopped by Mikael Tellqvist with a rebound.
10:13 of 2nd period - Slapshot by Tyler Sloan.
10:13 of 2nd period - Stopped by Brian Elliott without a rebound.
10:14 of 2nd period - Oleg Kvasha wins face-off versus Viktor Kozlov in Penguins zone.
10:25 of 2nd period - Snap shot by Oleg Kvasha.
10:25 of 2nd period - Deflect By Ted Purcell.
10:25 of 2nd period - Shot Misses the Net.
10:25 of 2nd period - Puck is out of play.
10:26 of 2nd period - Ryan Kesler wins face-off versus Robert Nilsson in Canadiens zone.
10:32 of 2nd period - Minor Penalty to Tomas Kloucek for High sticking.
10:33 of 2nd period - Robert Nilsson wins face-off versus Ryan Kesler in Canadiens zone.
10:41 of 2nd period - Off-side.
10:42 of 2nd period - Ryan Kesler wins face-off versus Robert Nilsson in neutral zone.
10:50 of 2nd period - Wrist shot by Ryan Kesler.
10:50 of 2nd period - Shot Misses the Net.
10:52 of 2nd period - Wrist shot by Zigmund Palffy.
10:52 of 2nd period - Shot Misses the Net.
12:20 of 2nd period - Zigmund Palffy is hit by Alexei Yashin and loses puck.
12:32 of 2nd period - Penalty to Tomas Kloucek is over, Tomas Kloucek is back on ice.
12:57 of 2nd period - Wrist shot by Tomas Kloucek.
12:57 of 2nd period - Deflect By Donald Brashear.
12:57 of 2nd period - Stopped by Brian Elliott with a rebound.
13:31 of 2nd period - Slapshot by Taylor Pyatt.
13:31 of 2nd period - Stopped by Mikael Tellqvist without a rebound.
13:32 of 2nd period - Oleg Kvasha wins face-off versus Viktor Kozlov in Canadiens zone.
13:33 of 2nd period - Wrist shot by Taylor Pyatt.
13:33 of 2nd period - Goal by Taylor Pyatt - Penguins : 1 - Canadiens : 1.
13:34 of 2nd period - Ryan Kesler wins face-off versus Viktor Kozlov in neutral zone.
14:04 of 2nd period - Slapshot by Jussi Jokinen.
14:04 of 2nd period - Stopped by Mikael Tellqvist with a rebound.
14:06 of 2nd period - Wrist shot by Tom Preissing.
14:06 of 2nd period - Shot Blocked by Ryane Clowe.
14:08 of 2nd period - Snap shot by Jussi Jokinen.
14:08 of 2nd period - Stopped by Mikael Tellqvist with a rebound.
14:19 of 2nd period - Icing by Shane O'Brien.
14:20 of 2nd period - T.J. Hensick wins face-off versus Tyler Arnason in Canadiens zone.
15:52 of 2nd period - Wrist shot by Fredrik Sjostrom.
15:52 of 2nd period - Shot Misses the Net.
15:54 of 2nd period - Wrist shot by Fredrik Sjostrom.
15:54 of 2nd period - Stopped by Mikael Tellqvist with a rebound.
15:56 of 2nd period - Snap shot by Ryan Kesler.
15:56 of 2nd period - Stopped by Mikael Tellqvist with a rebound.
16:33 of 2nd period - Snap shot by Robert Nilsson.
16:33 of 2nd period - Stopped by Brian Elliott with a rebound.
16:35 of 2nd period - Snap shot by Tomas Kloucek.
16:35 of 2nd period - Shot Blocked by Carlo Colaiacovo.
16:37 of 2nd period - Slapshot by Tyler Sloan.
16:37 of 2nd period - Deflect By T.J. Hensick.
16:37 of 2nd period - Stopped by Brian Elliott with a rebound.
17:07 of 2nd period - Ryan Kesler is hit by Richard Zednik and loses puck.
17:14 of 2nd period - Marc-Édouard Vlasic is hit by Duncan Keith and loses puck.
17:27 of 2nd period - Steve Staios is hit by Viktor Kozlov and loses puck.
17:49 of 2nd period - Snap shot by Tuomo Ruutu.
17:49 of 2nd period - Shot Misses the Net.
17:55 of 2nd period - Slapshot by Darren Reid.
17:55 of 2nd period - Deflect By Jussi Jokinen.
17:55 of 2nd period - Stopped by Mikael Tellqvist without a rebound.
17:56 of 2nd period - Marek Svatos wins face-off versus Ryan Kesler in Canadiens zone.
17:56 of 2nd period - Marek Svatos is hit by Ryan Kesler.
18:51 of 2nd period - Wrist shot by Patrick Eaves.
18:51 of 2nd period - Stopped by Brian Elliott without a rebound.
18:52 of 2nd period - Viktor Kozlov wins face-off versus Tuomo Ruutu in Penguins zone.
19:24 of 2nd period - Slapshot by Steve Staios.
19:24 of 2nd period - Shot Misses the Net.
19:51 of 2nd period - Slapshot by Ryan Bayda.
19:51 of 2nd period - Shot Misses the Net.

3rd period


0:01 of 3rd period - Robert Nilsson wins face-off versus Ryan Kesler in neutral zone.
0:08 of 3rd period - Snap shot by Robert Nilsson.
0:08 of 3rd period - Shot Misses the Net.
0:10 of 3rd period - Snap shot by Marek Svatos.
0:10 of 3rd period - Stopped by Brian Elliott with a rebound.
0:26 of 3rd period - Zigmund Palffy is hit by Duncan Keith and loses puck.
1:00 of 3rd period - Slapshot by Jussi Jokinen.
1:00 of 3rd period - Stopped by Mikael Tellqvist with a rebound.
1:18 of 3rd period - Slapshot by Marek Svatos.
1:18 of 3rd period - Stopped by Brian Elliott without a rebound.
1:19 of 3rd period - Robert Nilsson wins face-off versus Tuomo Ruutu in Penguins zone.
1:22 of 3rd period - Wrist shot by Donald Brashear.
1:22 of 3rd period - Deflect By Marek Svatos.
1:22 of 3rd period - Shot Misses the Net.
1:22 of 3rd period - Puck is out of play.
1:23 of 3rd period - Robert Nilsson wins face-off versus Tuomo Ruutu in Penguins zone.
1:24 of 3rd period - Wrist shot by Marek Svatos.
1:24 of 3rd period - Shot Blocked by Andy Sutton.
1:32 of 3rd period - Snap shot by Marek Svatos.
1:32 of 3rd period - Shot Misses the Net.
1:34 of 3rd period - Slapshot by Eric Cairns.
1:34 of 3rd period - Stopped by Brian Elliott without a rebound.
1:35 of 3rd period - Ryan Kesler wins face-off versus Donald Brashear in Penguins zone.
2:20 of 3rd period - Slapshot by T.J. Hensick.
2:20 of 3rd period - Stopped by Mikael Tellqvist without a rebound.
2:21 of 3rd period - Alexei Yashin wins face-off versus T.J. Hensick in Canadiens zone.
2:21 of 3rd period - Alexei Yashin is hit by Darcy Tucker.
2:34 of 3rd period - Slapshot by Ryane Clowe.
2:34 of 3rd period - Stopped by Brian Elliott with a rebound.
2:36 of 3rd period - Slapshot by Michel Ouellet.
2:36 of 3rd period - Shot Misses the Net.
2:46 of 3rd period - Marek Svatos is hit by Zigmund Palffy and loses puck.
2:55 of 3rd period - Snap shot by Ryan Kesler.
2:55 of 3rd period - Deflect By Tyler Sloan.
2:55 of 3rd period - Stopped by Mikael Tellqvist with a rebound.
2:57 of 3rd period - Slapshot by Dan Hamhuis.
2:57 of 3rd period - Stopped by Mikael Tellqvist without a rebound.
2:58 of 3rd period - Viktor Kozlov wins face-off versus Tuomo Ruutu in Canadiens zone.
3:05 of 3rd period - Wrist shot by Viktor Kozlov.
3:05 of 3rd period - Stopped by Brian Elliott without a rebound.
3:06 of 3rd period - Viktor Kozlov wins face-off versus Tuomo Ruutu in Penguins zone.
3:12 of 3rd period - Icing by Tuomo Ruutu.
3:13 of 3rd period - Robert Nilsson wins face-off versus Tuomo Ruutu in Penguins zone.
3:51 of 3rd period - Snap shot by Tuomo Ruutu.
3:51 of 3rd period - Goal by Tuomo Ruutu - Penguins : 2 - Canadiens : 1.
3:52 of 3rd period - Ryan Kesler wins face-off versus Robert Nilsson in neutral zone.
4:05 of 3rd period - Snap shot by Ryan Kesler.
4:05 of 3rd period - Deflect By Zigmund Palffy.
4:05 of 3rd period - Stopped by Mikael Tellqvist with a rebound.
4:07 of 3rd period - Snap shot by Fredrik Sjostrom.
4:07 of 3rd period - Deflect By Ryan Kesler.
4:07 of 3rd period - Stopped by Mikael Tellqvist without a rebound.
4:08 of 3rd period - Viktor Kozlov wins face-off versus Tuomo Ruutu in Canadiens zone.
4:33 of 3rd period - Robert Nilsson is hit by Steve Staios and loses puck.
4:44 of 3rd period - Snap shot by Robert Nilsson.
4:44 of 3rd period - Deflect By Donald Brashear.
4:44 of 3rd period - Stopped by Brian Elliott with a rebound.
5:00 of 3rd period - Tom Preissing is hit by Tomas Kloucek and loses puck.
5:08 of 3rd period - Off-side.
5:09 of 3rd period - Viktor Kozlov wins face-off versus Tuomo Ruutu in neutral zone.
5:34 of 3rd period - Carlo Colaiacovo is hit by Duncan Keith and loses puck.
6:02 of 3rd period - Slapshot by Andy Sutton.
6:02 of 3rd period - Shot Blocked by Alexei Yashin.
6:36 of 3rd period - Jussi Jokinen is hit by Robert Nilsson and loses puck.
7:40 of 3rd period - Snap shot by Ted Purcell.
7:40 of 3rd period - Stopped by Mikael Tellqvist with a rebound.
7:58 of 3rd period - Slapshot by Sheldon Souray.
7:58 of 3rd period - Stopped by Brian Elliott with a rebound.
8:18 of 3rd period - Wrist shot by Tomas Holmstrom.
8:18 of 3rd period - Shot Blocked by Darcy Tucker.
8:39 of 3rd period - Minor Penalty to Ted Purcell for Holding.
8:40 of 3rd period - Zigmund Palffy wins face-off versus Robert Nilsson in Penguins zone.
9:43 of 3rd period - Slapshot by Fredrik Sjostrom.
9:43 of 3rd period - Stopped by Mikael Tellqvist without a rebound.
9:44 of 3rd period - Ruslan Fedotenko wins face-off versus Viktor Kozlov in Canadiens zone.
10:39 of 3rd period - Penalty to Ted Purcell is over, Ted Purcell is back on ice.
10:49 of 3rd period - Darren Reid is hit by Ryane Clowe and loses puck.
11:06 of 3rd period - Backhand shot by Oleg Kvasha.
11:06 of 3rd period - Shot Blocked by Eric Cairns.
11:38 of 3rd period - Wrist shot by Michel Ouellet.
11:38 of 3rd period - Goal by Michel Ouellet - Penguins : 2 - Canadiens : 2.
11:39 of 3rd period - Robert Nilsson wins face-off versus Ryan Kesler in neutral zone.
11:44 of 3rd period - Snap shot by Tyler Sloan.
11:44 of 3rd period - Stopped by Brian Elliott without a rebound.
11:45 of 3rd period - Robert Nilsson wins face-off versus Ryan Kesler in Penguins zone.
11:46 of 3rd period - Snap shot by Donald Brashear.
11:46 of 3rd period - Stopped by Brian Elliott with a rebound.
12:14 of 3rd period - Wrist shot by Viktor Kozlov.
12:14 of 3rd period - Stopped by Brian Elliott without a rebound.
12:15 of 3rd period - Tuomo Ruutu wins face-off versus Viktor Kozlov in Penguins zone.
12:15 of 3rd period - Tuomo Ruutu is hit by Viktor Kozlov.
13:00 of 3rd period - Minor Penalty to Steve Staios for Hooking.
13:01 of 3rd period - T.J. Hensick wins face-off versus Marek Svatos in Penguins zone.
13:12 of 3rd period - Snap shot by Robert Nilsson.
13:12 of 3rd period - Shot Blocked by Andy Sutton.
13:52 of 3rd period - Tom Preissing is hit by Tomas Kloucek and loses puck.
14:44 of 3rd period - Icing by Duncan Keith.
14:45 of 3rd period - Viktor Kozlov wins face-off versus T.J. Hensick in Canadiens zone.
15:00 of 3rd period - Penalty to Steve Staios is over, Steve Staios is back on ice.
15:26 of 3rd period - Richard Zednik is hit by Darren Reid and loses puck.
15:38 of 3rd period - Minor Penalty to Ryan Bayda for Slashing.
15:38 of 3rd period - Minor Penalty to Darren Reid for Hooking.
15:39 of 3rd period - Zigmund Palffy wins face-off versus Robert Nilsson in neutral zone.
15:44 of 3rd period - Slapshot by Steve Staios.
15:44 of 3rd period - Shot Blocked by Duncan Keith.
16:30 of 3rd period - Wrist shot by Oleg Kvasha.
16:30 of 3rd period - Shot Misses the Net.
16:32 of 3rd period - Slapshot by Marc-Édouard Vlasic.
16:32 of 3rd period - Shot Misses the Net.
17:05 of 3rd period - Steve Staios is hit by Duncan Keith and loses puck.
17:38 of 3rd period - Penalty to Ryan Bayda is over, Ryan Bayda is back on ice.
17:38 of 3rd period - Penalty to Darren Reid is over, Darren Reid is back on ice.
17:44 of 3rd period - Snap shot by Tyler Sloan.
17:44 of 3rd period - Stopped by Brian Elliott with a rebound.
17:46 of 3rd period - Wrist shot by Ryane Clowe.
17:46 of 3rd period - Stopped by Brian Elliott without a rebound.
17:47 of 3rd period - Viktor Kozlov wins face-off versus Oleg Kvasha in Penguins zone.
17:52 of 3rd period - Wrist shot by Patrick Eaves.
17:52 of 3rd period - Stopped by Brian Elliott without a rebound.
17:53 of 3rd period - Tomas Holmstrom wins face-off versus Taylor Pyatt in Penguins zone.
17:57 of 3rd period - Slapshot by Shane O'Brien.
17:57 of 3rd period - Shot Blocked by Carlo Colaiacovo.
17:59 of 3rd period - Wrist shot by Sheldon Souray.
17:59 of 3rd period - Stopped by Brian Elliott with a rebound.
18:04 of 3rd period - Minor Penalty to Viktor Kozlov for Roughing.
18:05 of 3rd period - Robert Nilsson wins face-off versus Ryan Kesler in Canadiens zone.
18:30 of 3rd period - Robert Nilsson is hit by Steve Staios and loses puck.
18:49 of 3rd period - Ryan Kesler is hit by Ryan Bayda and loses puck.
19:40 of 3rd period - Ryan Kesler is hit by Alexei Yashin and loses puck.

Overtime #1


0:01 of 1st overtime period - Robert Nilsson wins face-off versus Ryan Kesler in neutral zone.
0:03 of 1st overtime period - Off-side.
0:04 of 1st overtime period - Penalty to Viktor Kozlov is over, Viktor Kozlov is back on ice.
0:04 of 1st overtime period - Robert Nilsson wins face-off versus Ryan Kesler in neutral zone.
0:07 of 1st overtime period - Slapshot by Eric Cairns.
0:07 of 1st overtime period - Stopped by Brian Elliott without a rebound.
0:08 of 1st overtime period - Ryan Kesler wins face-off versus Robert Nilsson in Penguins zone.
0:22 of 1st overtime period - Snap shot by Zigmund Palffy.
0:22 of 1st overtime period - Shot Blocked by Eric Cairns.
0:24 of 1st overtime period - Slapshot by Zigmund Palffy.
0:24 of 1st overtime period - Stopped by Mikael Tellqvist with a rebound.
0:26 of 1st overtime period - Snap shot by Ryan Kesler.
0:26 of 1st overtime period - Shot Blocked by Duncan Keith.
0:36 of 1st overtime period - Backhand shot by Steve Staios.
0:36 of 1st overtime period - Stopped by Mikael Tellqvist without a rebound.
0:37 of 1st overtime period - Ryan Kesler wins face-off versus Robert Nilsson in Canadiens zone.
1:08 of 1st overtime period - Wrist shot by Oleg Kvasha.
1:08 of 1st overtime period - Shot Misses the Net.
2:15 of 1st overtime period - Fredrik Sjostrom is hit by Tyler Sloan and loses puck.
3:32 of 1st overtime period - Tomas Kloucek is hit by Zigmund Palffy.
3:42 of 1st overtime period - Tuomo Ruutu is hit by Tyler Arnason and loses puck.
4:19 of 1st overtime period - Ryan Bayda is hit by Tom Preissing and loses puck.
4:32 of 1st overtime period - Viktor Kozlov is hit by Tom Preissing.
4:38 of 1st overtime period - Icing by Dan Hamhuis.
4:39 of 1st overtime period - Robert Nilsson wins face-off versus Oleg Kvasha in Penguins zone.

ShootOut


5:00 of 1st overtime period - Penalty Shot by Ryan Kesler for Penguins.
5:00 of 1st overtime period - Deke by Ryan Kesler.
5:00 of 1st overtime period - Shot Misses the Net.
5:00 of 1st overtime period - Penalty Shot by Robert Nilsson for Canadiens.
5:00 of 1st overtime period - Backhand shot by Robert Nilsson.
5:00 of 1st overtime period - Goal by Robert Nilsson.
5:00 of 1st overtime period - Penalty Shot by Zigmund Palffy for Penguins.
5:00 of 1st overtime period - Snap shot by Zigmund Palffy.
5:00 of 1st overtime period - Stopped by Mikael Tellqvist.
5:00 of 1st overtime period - Penalty Shot by Donald Brashear for Canadiens.
5:00 of 1st overtime period - Deke by Donald Brashear.
5:00 of 1st overtime period - Goal by Donald Brashear.


Output by the SimonT Hockey Simulator (STHS) for François Prévost -- Original Page W3C XHTML 1.0 Valid
Hockey Simulator - Hockey Simulation - Hockey Manager